Thunder vs Sasquatch
Created - 19 décembre 2014 at 20:16
Goals
|
| Thunder |
1 |
0 |
2 |
3 |
| Sasquatch |
2 |
2 |
2 |
6 |
|
Shots
|
| Thunder |
13 |
14 |
11 |
38 |
| Sasquatch |
8 |
10 |
13 |
31 |
|
1st period
1. Sasquatch , Josh Bailey 9 (Luke Adam, Jake Gardiner) at 13:41
2. Thunder , Tom Pyatt 13 (Dany Roussin, Matt D'Agostini) at 15:14
3. Sasquatch , D.J King 19 (Derek Stepan) at 18:31 (PP)
Penalties :
Robin Leblanc (TRO) for Hooking (Minor) at 6:41, Keith Yandle (Gat) for Hooking (Minor) at 11:28, Doug Janik (TRO) for High sticking (Minor) at 17:58
2nd period
4. Sasquatch , Stephane Da Costa 14 (Joe Corvo) at 12:19
5. Sasquatch , Jakub Voracek 14 (Jake Gardiner, Derek Stepan) at 13:33 (PP)
Penalties :
Brandon Mashinter (TRO) for High sticking (Minor) at 3:03, Pierre-Alexandre Parenteau (TRO) for Tripping (Minor) at 13:27, Samuel Pahlsson (TRO) for High sticking (Minor) at 16:30
3rd period
6. Sasquatch , Derek Stepan 19 (Jakub Voracek) at 9:59
7. Sasquatch , D.J King 20 (Derek Stepan) at 11:59 (PP)
8. Thunder , Tom Pyatt 14 (Matt D'Agostini, Tim Gleason) at 15:13
9. Thunder , Pierre-Alexandre Parenteau 16 (Samuel Pahlsson, Jeff Finger) at 18:22
Penalties :
Samuel Pahlsson (TRO) for Roughing (Minor) at 10:04
Goalie Stats
Devan Dubnyk (TRO), 14 saves from 16 shots - (0,875), 26:27 minutes
Mark Dekanich (TRO), 11 saves from 15 shots - (0,733), L, 0-8-0, 33:33 minutes
Anders Lindback (Gat), 35 saves from 38 shots - (0,921), W, 10-8-1, 60:00 minutes
Players Stats for Thunder
Player Name G A P +/- PIM S H SB GA TA FO MP PP MP PK MP
------------------------------------------------------------------------------------
Brandon Mashinter 0 0 0 0 2 3 1 0 0 1 4/11 15:01 0:00 2:10
Brett Festerling 0 0 0 0 0 0 0 1 0 0 0/0 5:39 0:00 0:25
Colby Cohen 0 0 0 0 0 0 0 0 0 0 0/0 0:00 0:00 0:00
Dany Roussin 0 1 1 2 0 1 3 0 1 0 0/2 20:15 1:02 2:52
Daultan Leveillé 0 0 0 -2 0 4 1 0 0 0 1/6 10:02 0:00 0:08
David Fischer 0 0 0 0 0 0 0 0 0 0 0/0 0:00 0:00 0:00
Derek Peltier 0 0 0 0 0 1 0 0 1 2 0/0 19:20 0:39 3:13
Doug Janik 0 0 0 0 2 3 0 3 0 2 0/0 27:16 1:20 4:45
Jannik Hansen 0 0 0 -2 0 0 2 2 0 0 0/0 10:55 0:00 0:00
Jeff Finger 0 1 1 0 0 3 1 1 0 2 0/0 19:12 0:39 3:13
Jesse Blacker 0 0 0 0 0 0 0 0 0 0 0/0 0:00 0:00 0:00
Joey Ryan 0 0 0 0 0 0 0 2 0 0 0/0 9:45 0:00 0:33
Kelly Zajac 0 0 0 0 0 0 0 0 0 0 0/0 0:00 0:00 0:00
Kevin Montgomery 0 0 0 0 0 0 0 0 0 0 0/0 0:00 0:00 0:00
Mat Clark 0 0 0 0 0 0 0 0 0 0 0/0 0:00 0:00 0:00
Matt D'Agostini 0 2 2 2 0 3 2 1 0 0 0/0 16:14 1:02 0:00
Pierre-Alexandre Parente 1 0 1 1 2 5 2 0 0 0 0/3 16:06 0:57 1:12
Ray Macias 0 0 0 0 0 2 0 0 0 0 0/0 9:12 0:00 0:00
Robin Leblanc 0 0 0 -2 2 2 0 0 0 0 1/2 14:10 0:04 0:00
Samuel Pahlsson 0 1 1 0 4 3 1 3 0 2 17/31 24:45 0:57 2:46
Scott Parse 0 0 0 -1 0 1 1 1 1 1 0/1 23:00 0:53 5:14
Slava Voynov 0 0 0 0 0 0 0 0 0 0 0/0 3:46 0:00 0:00
Taylor Doherty 0 0 0 0 0 0 0 0 0 0 0/0 0:00 0:00 0:00
Tim Gleason 0 1 1 0 0 2 0 2 0 2 0/0 27:50 1:20 5:18
Tom Pyatt 2 0 2 2 0 5 1 0 0 0 5/12 18:55 1:02 2:15
Players Stats for Sasquatch
Player Name G A P +/- PIM S H SB GA TA FO MP PP MP PK MP
------------------------------------------------------------------------------------
Brandon Bochenski 0 0 0 -2 0 3 1 0 0 1 0/0 16:37 3:01 0:28
Cam Atkinson 0 0 0 1 0 2 1 0 0 0 0/0 9:58 0:00 0:00
D.J King 2 0 2 1 0 3 2 0 3 0 3/4 23:59 5:30 0:58
Derek Stepan 1 3 4 1 0 2 0 0 0 0 23/43 23:27 5:30 0:26
Jake Gardiner 0 2 2 -2 0 3 4 1 3 1 0/0 30:29 5:46 1:11
Jakub Voracek 1 1 2 1 0 5 1 0 3 0 1/2 23:01 5:30 0:00
Joe Corvo 0 1 1 0 0 1 3 1 1 0 0/0 21:13 5:46 1:01
Josh Bailey 1 0 1 0 0 2 1 0 2 0 0/0 8:49 0:00 0:00
Keith Yandle 0 0 0 -2 2 2 1 1 0 0 0/0 20:05 0:00 0:00
Kevin Porter 0 0 0 -1 0 0 1 1 0 0 4/8 15:00 3:01 1:02
Kyle Clifford 0 0 0 1 0 1 2 0 0 0 0/0 10:35 0:00 0:33
Luke Adam 0 1 1 0 0 1 0 0 0 0 2/4 8:49 0:00 0:00
Matt Frattin 0 0 0 0 0 1 1 0 0 0 0/0 8:49 0:00 0:00
Matt Niskanen 0 0 0 1 0 2 1 1 0 0 0/0 18:21 2:45 0:48
Nick Leddy 0 0 0 2 0 0 0 1 0 0 0/0 14:55 2:45 0:58
Oskar Osala 0 0 0 -2 0 0 2 2 0 0 0/0 16:37 3:01 0:28
Stephane Da Costa 1 0 1 0 0 3 0 1 0 1 7/7 12:16 0:00 0:03
Yann Sauvé 0 0 0 1 0 0 1 2 0 0 0/0 15:00 0:00 0:00
3 Stars
1 - Derek Stepan (Gat)
2 - Tom Pyatt (TRO)
3 - D.J King (Gat)
Power Play
Thunder - 0 on 1 Attempt(s) - 0,00%
Sasquatch - 3 on 6 Attempt(s) - 50,00%
Penalty Kill
Thunder - 3 on 6 Attempt(s) - 50,00%
- Score 0 goal in Penalty Kill
Sasquatch - 1 on 1 Attempt(s) - 100,00%
- Score 0 goal in Penalty Kill
Official
Referees : Devorski Paul and Ciamaga Chris
Linesman : Jean Morin and Brad Lazarowich
Game Notes
Devan Dubnyk enters game at 13:33 of 2nd period
Kevin Porter is injured at 11:08 of 3rd period (Strained Left Elbow)
Scott Parse is injured at 14:39 of 3rd period (Sprained Right Knee)
Finance
Level 1 -- Attendance: 1515 (75,75%) -- Ticket Income 53 025 $
Level 2 -- Attendance: 666 (66,60%) -- Ticket Income 9 990 $
Total Attendance: 2181 (72,70%)
Total Ticket Income: 63 015 $
Other Income: 3 151 $
Total Income: 66 166 $
Thunder
5 vs 5 Forward
Center Left Wing Right Wing Time % Phy DF OF
1 Samuel Pahlsson Scott Parse Pierre-Alexandre Parentea40 1 2 2
2 Tom Pyatt Dany Roussin Matt D'Agostini 30 1 2 2
3 Brandon Mashinter Samuel Pahlsson Robin Leblanc 20 1 2 2
4 Daultan Leveillé Scott Parse Jannik Hansen 10 1 2 2
5 vs 5 Defense
Defense Defense Time % Phy DF OF
1 Tim Gleason Doug Janik 40 1 2 2
2 Jeff Finger Derek Peltier 30 1 2 2
3 Ray Macias Joey Ryan 20 1 2 2
4 Slava Voynov Brett Festerling 10 1 2 2
PowerPlay Forward
Center Left Wing Right Wing Time % Phy DF OF
1 Samuel Pahlsson Scott Parse Pierre-Alexandre Parentea60 1 2 2
2 Tom Pyatt Dany Roussin Matt D'Agostini 40 1 2 2
PowerPlay Defense
Defense Defense Time % Phy DF OF
1 Tim Gleason Doug Janik 60 1 2 2
2 Jeff Finger Derek Peltier 40 1 2 2
Penalty Kill 4 Players Forward
Center Wing Time % Phy DF OF
1 Samuel Pahlsson Scott Parse 60 1 2 2
2 Dany Roussin Pierre-Alexandre Parentea40 1 2 2
Penalty Kill 4 Players Defense
Defense Defense Time % Phy DF OF
1 Tim Gleason Doug Janik 60 1 2 2
2 Jeff Finger Derek Peltier 40 1 2 2
Penalty Kill - 3 Players Forward
Forward Time % Phy DF OF
1 Samuel Pahlsson 60 1 2 2
2 Scott Parse 40 1 2 2
Penalty Kill - 3 Players Defense
Defense Defense Time % Phy DF OF
1 Tim Gleason Doug Janik 60 1 2 2
2 Jeff Finger Derek Peltier 40 1 2 2
4 vs 4 Forward
Center Wing Time % Phy DF OF
1 Samuel Pahlsson Scott Parse 60 1 2 2
2 Dany Roussin Pierre-Alexandre Parentea40 1 2 2
4 vs 4 Defense
Defense Defense Time % Phy DF OF
1 Tim Gleason Doug Janik 60 1 2 2
2 Jeff Finger Derek Peltier 40 1 2 2
Last Minutes Offensive
Center Left Wing Right Wing Defense Defense
Samuel Pahlsson Scott Parse Pierre-Alexandre ParenteaTim Gleason Doug Janik
Last Minutes Defensive
Center Left Wing Right Wing Defense Defense
Samuel Pahlsson Scott Parse Pierre-Alexandre ParenteaTim Gleason Doug Janik
Goaltenders
Starting : Mark Dekanich
Backup : Devan Dubnyk
Extra Forwards
Normal : Robin Leblanc, Jannik Hansen, Brandon Mashinter - PP : Robin Leblanc, Jannik Hansen - PK : Brandon Mashinter
Extra Defensemen
Normal : Ray Macias, Joey Ryan, Slava Voynov - PP : Ray Macias - PK : Joey Ryan, Slava Voynov
Penalty Shots
Samuel Pahlsson, Scott Parse, Dany Roussin, Pierre-Alexandre Parenteau, Matt D'Agostini
Sasquatch
5 vs 5 Forward
Center Left Wing Right Wing Time % Phy DF OF
1 Derek Stepan D.J King Jakub Voracek 40 1 2 2
2 Kevin Porter Oskar Osala Brandon Bochenski 30 1 2 2
3 Stephane Da Costa Kyle Clifford Cam Atkinson 20 1 2 2
4 Luke Adam Josh Bailey Matt Frattin 10 1 2 2
5 vs 5 Defense
Defense Defense Time % Phy DF OF
1 Keith Yandle Jake Gardiner 40 1 2 2
2 Matt Niskanen Yann Sauvé 30 1 2 2
3 Joe Corvo Nick Leddy 20 1 2 2
4 Joe Corvo Jake Gardiner 10 1 2 2
PowerPlay Forward
Center Left Wing Right Wing Time % Phy DF OF
1 Derek Stepan D.J King Jakub Voracek 60 1 2 2
2 Kevin Porter Oskar Osala Brandon Bochenski 40 1 2 2
PowerPlay Defense
Defense Defense Time % Phy DF OF
1 Joe Corvo Jake Gardiner 60 1 2 2
2 Matt Niskanen Nick Leddy 40 1 2 2
Penalty Kill 4 Players Forward
Center Wing Time % Phy DF OF
1 Kevin Porter D.J King 60 1 2 2
2 Brandon Bochenski Oskar Osala 40 1 2 2
Penalty Kill 4 Players Defense
Defense Defense Time % Phy DF OF
1 Joe Corvo Jake Gardiner 60 1 2 2
2 Matt Niskanen Keith Yandle 40 1 2 2
Penalty Kill - 3 Players Forward
Forward Time % Phy DF OF
1 Kevin Porter 60 1 2 2
2 D.J King 40 1 2 2
Penalty Kill - 3 Players Defense
Defense Defense Time % Phy DF OF
1 Joe Corvo Jake Gardiner 60 1 2 2
2 Matt Niskanen Keith Yandle 40 1 2 2
4 vs 4 Forward
Center Wing Time % Phy DF OF
1 Kevin Porter D.J King 60 1 2 2
2 Derek Stepan Jakub Voracek 40 1 2 2
4 vs 4 Defense
Defense Defense Time % Phy DF OF
1 Joe Corvo Jake Gardiner 60 1 2 2
2 Matt Niskanen Keith Yandle 40 1 2 2
Last Minutes Offensive
Center Left Wing Right Wing Defense Defense
Derek Stepan D.J King Jakub Voracek Joe Corvo Jake Gardiner
Last Minutes Defensive
Center Left Wing Right Wing Defense Defense
Kevin Porter D.J King Jakub Voracek Joe Corvo Jake Gardiner
Goaltenders
Starting : Anders Lindback
Backup : Marek Schwarz
Extra Forwards
Normal : Brandon Bochenski, Stephane Da Costa, Josh Bailey - PP : Brandon Bochenski, Stephane Da Costa - PK : Derek Stepan
Extra Defensemen
Normal : Yann Sauvé, Nick Leddy, Matt Niskanen - PP : Yann Sauvé - PK : Nick Leddy, Matt Niskanen
Penalty Shots
Cam Atkinson, Oskar Osala, Brandon Bochenski, Joe Corvo, Matt Frattin
% Time on Ice - Thunder
Lines # - Real PCT - Wanted PCT - Time Play
Normal Forward
1 - 29% - 40% - 14:14
2 - 31% - 30% - 15:21
3 - 22% - 20% - 10:43
4 - 19% - 10% - 9:12
Normal Defense
1 - 43% - 40% - 21:12
2 - 31% - 30% - 15:20
3 - 19% - 20% - 9:12
4 - 8% - 10% - 3:46
PP Forward
1 - 48% - 60% - 0:57
2 - 52% - 40% - 1:02
PP Defense
1 - 67% - 60% - 1:20
2 - 33% - 40% - 0:39
PK Forward
1 - 86% - 60% - 7:19
2 - 14% - 40% - 1:12
PK Defense
1 - 62% - 60% - 5:18
2 - 38% - 40% - 3:13
PK3 Forward
1 - 0% - 60%
2 - 0% - 40%
PK3 Defense
1 - 0% - 60%
2 - 0% - 40%
44 Forward
1 - 0% - 60%
2 - 0% - 40%
44 Defense
1 - 0% - 60%
2 - 0% - 40%
Last Minute Offensive - 0:00
Last Minute Defensive - 0:00
Total
Forward - 60:00
Defense - 60:00
|
% Time on Ice - Sasquatch
Lines # - Real PCT - Wanted PCT - Time Play
Normal Forward
1 - 36% - 40% - 17:35
2 - 27% - 30% - 13:08
3 - 20% - 20% - 9:58
4 - 18% - 10% - 8:49
Normal Defense
1 - 41% - 40% - 20:14
2 - 30% - 30% - 15:02
3 - 21% - 20% - 10:36
4 - 7% - 10% - 3:38
PP Forward
1 - 65% - 60% - 5:30
2 - 35% - 40% - 3:01
PP Defense
1 - 68% - 60% - 5:46
2 - 32% - 40% - 2:45
PK Forward
1 - 76% - 60% - 1:31
2 - 24% - 40% - 0:28
PK Defense
1 - 44% - 60% - 0:52
2 - 56% - 40% - 1:07
PK3 Forward
1 - 0% - 60%
2 - 0% - 40%
PK3 Defense
1 - 0% - 60%
2 - 0% - 40%
44 Forward
1 - 0% - 60%
2 - 0% - 40%
44 Defense
1 - 0% - 60%
2 - 0% - 40%
Last Minute Offensive - 0:00
Last Minute Defensive - 0:00
Total
Forward - 60:00
Defense - 60:00
|
Play by Play
1st period
0:01 of 1st period - Samuel Pahlsson wins face-off versus Derek Stepan in neutral zone.
0:16 of 1st period - Slapshot by Scott Parse.
0:16 of 1st period - Shot Misses the Net.
1:14 of 1st period - Wrist shot by Matt Frattin.
1:14 of 1st period - Shot Misses the Net.
1:24 of 1st period - Jakub Voracek is hit by Jeff Finger and loses puck.
1:29 of 1st period - Snap shot by Dany Roussin.
1:29 of 1st period - Deflect By Matt D'Agostini.
1:29 of 1st period - Stopped by Anders Lindback with a rebound.
2:42 of 1st period - Robin Leblanc is hit by Joe Corvo and loses puck.
2:47 of 1st period - Snap shot by Kevin Porter.
2:47 of 1st period - Shot Misses the Net.
3:14 of 1st period - Samuel Pahlsson is hit by Kyle Clifford and loses puck.
3:42 of 1st period - Wrist shot by Robin Leblanc.
3:42 of 1st period - Stopped by Anders Lindback with a rebound.
3:44 of 1st period - Slapshot by Jeff Finger.
3:44 of 1st period - Stopped by Anders Lindback with a rebound.
4:03 of 1st period - Icing by Jeff Finger.
4:04 of 1st period - Brandon Mashinter wins face-off versus Kevin Porter in Thunder zone.
4:15 of 1st period - Wrist shot by Dany Roussin.
4:15 of 1st period - Shot Blocked by Yann Sauvé.
4:17 of 1st period - Slapshot by Jeff Finger.
4:17 of 1st period - Stopped by Anders Lindback with a rebound.
4:19 of 1st period - Wrist shot by Matt D'Agostini.
4:19 of 1st period - Stopped by Anders Lindback without a rebound.
4:20 of 1st period - Tom Pyatt wins face-off versus Jakub Voracek in Sasquatch zone.
4:43 of 1st period - Yann Sauvé is hit by Samuel Pahlsson and loses puck.
5:26 of 1st period - Slapshot by Matt Niskanen.
5:26 of 1st period - Shot Misses the Net.
5:58 of 1st period - Wrist shot by Matt Frattin.
5:58 of 1st period - Shot Blocked by Tim Gleason.
6:18 of 1st period - Snap shot by Brandon Bochenski.
6:18 of 1st period - Stopped by Mark Dekanich with a rebound.
6:20 of 1st period - Slapshot by Keith Yandle.
6:20 of 1st period - Shot Blocked by Matt D'Agostini.
6:41 of 1st period - Minor Penalty to Robin Leblanc for Hooking.
6:42 of 1st period - D.J King wins face-off versus Samuel Pahlsson in Thunder zone.
7:07 of 1st period - Oskar Osala is hit by Scott Parse and loses puck.
8:41 of 1st period - Penalty to Robin Leblanc is over, Robin Leblanc is back on ice.
9:01 of 1st period - Snap shot by Stephane Da Costa.
9:01 of 1st period - Deflect By Cam Atkinson.
9:01 of 1st period - Shot Hit the Post.
9:01 of 1st period - Puck is out of play.
9:02 of 1st period - Luke Adam wins face-off versus Tom Pyatt in Thunder zone.
10:14 of 1st period - Derek Stepan is hit by Dany Roussin and loses puck.
10:56 of 1st period - Icing by Brett Festerling.
10:57 of 1st period - Derek Stepan wins face-off versus Daultan Leveillé in Thunder zone.
11:00 of 1st period - Snap shot by Derek Stepan.
11:00 of 1st period - Shot Misses the Net.
11:02 of 1st period - Slapshot by Keith Yandle.
11:02 of 1st period - Stopped by Mark Dekanich with a rebound.
11:04 of 1st period - Wrist shot by Jakub Voracek.
11:04 of 1st period - Shot Blocked by Brett Festerling.
11:06 of 1st period - Slapshot by Jakub Voracek.
11:06 of 1st period - Stopped by Mark Dekanich without a rebound.
11:07 of 1st period - Derek Stepan wins face-off versus Tom Pyatt in Thunder zone.
11:14 of 1st period - Snap shot by Matt D'Agostini.
11:14 of 1st period - Shot Misses the Net.
11:16 of 1st period - Snap shot by Dany Roussin.
11:16 of 1st period - Stopped by Anders Lindback with a rebound.
11:28 of 1st period - Minor Penalty to Keith Yandle for Hooking.
11:29 of 1st period - Kevin Porter wins face-off versus Samuel Pahlsson in Sasquatch zone.
11:58 of 1st period - Wrist shot by Matt D'Agostini.
11:58 of 1st period - Stopped by Anders Lindback with a rebound.
12:14 of 1st period - Wrist shot by Brandon Bochenski.
12:14 of 1st period - Stopped by Mark Dekanich with a rebound.
13:28 of 1st period - Penalty to Keith Yandle is over, Keith Yandle is back on ice.
13:39 of 1st period - Snap shot by Luke Adam.
13:39 of 1st period - Shot Blocked by Joey Ryan.
13:41 of 1st period - Wrist shot by Josh Bailey.
13:41 of 1st period - Goal by Josh Bailey - Thunder : 0 - Sasquatch : 1.
13:42 of 1st period - Samuel Pahlsson wins face-off versus Derek Stepan in neutral zone.
13:57 of 1st period - Snap shot by Samuel Pahlsson.
13:57 of 1st period - Shot Misses the Net.
14:15 of 1st period - Snap shot by Tom Pyatt.
14:15 of 1st period - Shot Blocked by Oskar Osala.
14:17 of 1st period - Slapshot by Tom Pyatt.
14:17 of 1st period - Stopped by Anders Lindback without a rebound.
14:18 of 1st period - Kevin Porter wins face-off versus Dany Roussin in Sasquatch zone.
14:42 of 1st period - Icing by Jakub Voracek.
14:43 of 1st period - Derek Stepan wins face-off versus Scott Parse in Sasquatch zone.
14:58 of 1st period - Wrist shot by Pierre-Alexandre Parenteau.
14:58 of 1st period - Stopped by Anders Lindback with a rebound.
15:14 of 1st period - Snap shot by Dany Roussin.
15:14 of 1st period - Deflect By Tom Pyatt.
15:14 of 1st period - Goal by Tom Pyatt - Thunder : 1 - Sasquatch : 1.
15:15 of 1st period - Derek Stepan wins face-off versus Samuel Pahlsson in neutral zone.
15:40 of 1st period - Jake Gardiner is hit by Matt D'Agostini.
16:05 of 1st period - Slapshot by Samuel Pahlsson.
16:05 of 1st period - Shot Blocked by Joe Corvo.
16:07 of 1st period - Snap shot by Tim Gleason.
16:07 of 1st period - Shot Misses the Net.
16:09 of 1st period - Slapshot by Tim Gleason.
16:09 of 1st period - Deflect By Brandon Mashinter.
16:09 of 1st period - Stopped by Anders Lindback without a rebound.
16:10 of 1st period - Robin Leblanc wins face-off versus Derek Stepan in Sasquatch zone.
16:19 of 1st period - Backhand shot by Brandon Mashinter.
16:19 of 1st period - Stopped by Anders Lindback with a rebound.
16:48 of 1st period - Kevin Porter is hit by Dany Roussin and loses puck.
17:30 of 1st period - Snap shot by Tom Pyatt.
17:30 of 1st period - Stopped by Anders Lindback with a rebound.
17:58 of 1st period - Minor Penalty to Doug Janik for High sticking.
17:59 of 1st period - Samuel Pahlsson wins face-off versus Derek Stepan in Thunder zone.
18:07 of 1st period - Slapshot by Joe Corvo.
18:07 of 1st period - Shot Blocked by Samuel Pahlsson.
18:09 of 1st period - Wrist shot by D.J King.
18:09 of 1st period - Deflect By Jakub Voracek.
18:09 of 1st period - Shot Misses the Net.
18:09 of 1st period - Puck is out of play.
18:10 of 1st period - Derek Stepan wins face-off versus Samuel Pahlsson in Thunder zone.
18:21 of 1st period - Slapshot by Joe Corvo.
18:21 of 1st period - Shot Blocked by Scott Parse.
18:23 of 1st period - Slapshot by Joe Corvo.
18:23 of 1st period - Deflect By D.J King.
18:23 of 1st period - Shot Misses the Net.
18:23 of 1st period - Puck is out of play.
18:24 of 1st period - Samuel Pahlsson wins face-off versus Derek Stepan in Thunder zone.
18:31 of 1st period - Snap shot by D.J King.
18:31 of 1st period - Goal by D.J King - Thunder : 1 - Sasquatch : 2.
18:32 of 1st period - Samuel Pahlsson wins face-off versus Derek Stepan in neutral zone.
19:05 of 1st period - Snap shot by Kevin Porter.
19:05 of 1st period - Shot Misses the Net.
19:07 of 1st period - Slapshot by Jake Gardiner.
19:07 of 1st period - Stopped by Mark Dekanich without a rebound.
19:08 of 1st period - Samuel Pahlsson wins face-off versus D.J King in Thunder zone.
19:33 of 1st period - Snap shot by Brandon Bochenski.
19:33 of 1st period - Shot Misses the Net.
19:55 of 1st period - Snap shot by Cam Atkinson.
19:55 of 1st period - Stopped by Mark Dekanich without a rebound.
19:56 of 1st period - Stephane Da Costa wins face-off versus Brandon Mashinter in Thunder zone.
Goals for this period are 1 for Thunder vs 2 for Sasquatch.
Shots for this period are 13 for Thunder vs 8 for Sasquatch.
2nd period
0:01 of 2nd period - Derek Stepan wins face-off versus Pierre-Alexandre Parenteau in neutral zone.
0:49 of 2nd period - Wrist shot by Stephane Da Costa.
0:49 of 2nd period - Shot Misses the Net.
2:38 of 2nd period - Off-side.
2:39 of 2nd period - Derek Stepan wins face-off versus Brandon Mashinter in neutral zone.
3:03 of 2nd period - Minor Penalty to Brandon Mashinter for High sticking.
3:04 of 2nd period - Jakub Voracek wins face-off versus Samuel Pahlsson in Thunder zone.
4:35 of 2nd period - Icing by D.J King.
4:36 of 2nd period - Derek Stepan wins face-off versus Samuel Pahlsson in Sasquatch zone.
5:03 of 2nd period - Penalty to Brandon Mashinter is over, Brandon Mashinter is back on ice.
6:35 of 2nd period - Jeff Finger is hit by Matt Frattin.
6:53 of 2nd period - Jannik Hansen is hit by Cam Atkinson.
6:57 of 2nd period - Nick Leddy is hit by Jannik Hansen and loses puck.
7:18 of 2nd period - Snap shot by D.J King.
7:18 of 2nd period - Shot Blocked by Samuel Pahlsson.
7:36 of 2nd period - Dany Roussin is hit by Yann Sauvé and loses puck.
10:07 of 2nd period - Icing by Joe Corvo.
10:08 of 2nd period - Luke Adam wins face-off versus Brandon Mashinter in Sasquatch zone.
10:25 of 2nd period - Slapshot by Joe Corvo.
10:25 of 2nd period - Shot Blocked by Jannik Hansen.
10:37 of 2nd period - Off-side.
10:38 of 2nd period - Kevin Porter wins face-off versus Tom Pyatt in neutral zone.
10:41 of 2nd period - Snap shot by Brandon Bochenski.
10:41 of 2nd period - Stopped by Mark Dekanich without a rebound.
10:42 of 2nd period - Tom Pyatt wins face-off versus Kevin Porter in Thunder zone.
10:42 of 2nd period - Tom Pyatt is hit by Oskar Osala.
10:57 of 2nd period - Slapshot by Brandon Bochenski.
10:57 of 2nd period - Deflect By Oskar Osala.
10:57 of 2nd period - Shot Misses the Net.
10:57 of 2nd period - Puck is out of play.
10:58 of 2nd period - Samuel Pahlsson wins face-off versus Derek Stepan in Thunder zone.
11:09 of 2nd period - Wrist shot by Jakub Voracek.
11:09 of 2nd period - Shot Blocked by Tim Gleason.
11:11 of 2nd period - Slapshot by Jake Gardiner.
11:11 of 2nd period - Stopped by Mark Dekanich with a rebound.
11:13 of 2nd period - Slapshot by Jakub Voracek.
11:13 of 2nd period - Stopped by Mark Dekanich without a rebound.
11:14 of 2nd period - Samuel Pahlsson wins face-off versus Kevin Porter in Thunder zone.
11:19 of 2nd period - Slapshot by Tim Gleason.
11:19 of 2nd period - Shot Misses the Net.
11:21 of 2nd period - Slapshot by Tim Gleason.
11:21 of 2nd period - Shot Blocked by Jake Gardiner.
11:23 of 2nd period - Wrist shot by Samuel Pahlsson.
11:23 of 2nd period - Shot Blocked by Oskar Osala.
11:25 of 2nd period - Snap shot by Scott Parse.
11:25 of 2nd period - Shot Misses the Net.
11:27 of 2nd period - Slapshot by Doug Janik.
11:27 of 2nd period - Stopped by Anders Lindback without a rebound.
11:28 of 2nd period - Samuel Pahlsson wins face-off versus Derek Stepan in Sasquatch zone.
11:29 of 2nd period - Slapshot by Pierre-Alexandre Parenteau.
11:29 of 2nd period - Stopped by Anders Lindback with a rebound.
11:31 of 2nd period - Wrist shot by Samuel Pahlsson.
11:31 of 2nd period - Shot Misses the Net.
11:56 of 2nd period - Wrist shot by Tom Pyatt.
11:56 of 2nd period - Shot Misses the Net.
11:58 of 2nd period - Backhand shot by Doug Janik.
11:58 of 2nd period - Stopped by Anders Lindback with a rebound.
12:00 of 2nd period - Snap shot by Doug Janik.
12:00 of 2nd period - Shot Blocked by Yann Sauvé.
12:19 of 2nd period - Wrist shot by Stephane Da Costa.
12:19 of 2nd period - Goal by Stephane Da Costa - Thunder : 1 - Sasquatch : 3.
12:20 of 2nd period - Samuel Pahlsson wins face-off versus Derek Stepan in neutral zone.
12:23 of 2nd period - Wrist shot by Tim Gleason.
12:23 of 2nd period - Stopped by Anders Lindback with a rebound.
12:45 of 2nd period - Snap shot by Stephane Da Costa.
12:45 of 2nd period - Shot Blocked by Doug Janik.
12:47 of 2nd period - Snap shot by Kyle Clifford.
12:47 of 2nd period - Stopped by Mark Dekanich without a rebound.
12:48 of 2nd period - Stephane Da Costa wins face-off versus Dany Roussin in Thunder zone.
12:49 of 2nd period - Snap shot by Cam Atkinson.
12:49 of 2nd period - Stopped by Mark Dekanich with a rebound.
12:59 of 2nd period - Slapshot by Matt D'Agostini.
12:59 of 2nd period - Shot Blocked by Matt Niskanen.
13:01 of 2nd period - Slapshot by Jeff Finger.
13:01 of 2nd period - Shot Misses the Net.
13:03 of 2nd period - Slapshot by Matt D'Agostini.
13:03 of 2nd period - Shot Blocked by Stephane Da Costa.
13:18 of 2nd period - Off-side.
13:19 of 2nd period - Samuel Pahlsson wins face-off versus Derek Stepan in neutral zone.
13:27 of 2nd period - Minor Penalty to Pierre-Alexandre Parenteau for Tripping.
13:28 of 2nd period - Derek Stepan wins face-off versus Samuel Pahlsson in Thunder zone.
13:33 of 2nd period - Wrist shot by Jakub Voracek.
13:33 of 2nd period - Goal by Jakub Voracek - Thunder : 1 - Sasquatch : 4.
13:33 of 2nd period - Devan Dubnyk enters game.
13:34 of 2nd period - Samuel Pahlsson wins face-off versus Derek Stepan in neutral zone.
13:47 of 2nd period - Wrist shot by Samuel Pahlsson.
13:47 of 2nd period - Shot Misses the Net.
13:49 of 2nd period - Snap shot by Pierre-Alexandre Parenteau.
13:49 of 2nd period - Stopped by Anders Lindback with a rebound.
13:59 of 2nd period - Doug Janik is hit by Brandon Bochenski.
14:08 of 2nd period - Wrist shot by Oskar Osala.
14:08 of 2nd period - Shot Misses the Net.
14:28 of 2nd period - Snap shot by Samuel Pahlsson.
14:28 of 2nd period - Shot Misses the Net.
14:30 of 2nd period - Backhand shot by Tim Gleason.
14:30 of 2nd period - Stopped by Anders Lindback with a rebound.
14:32 of 2nd period - Snap shot by Brandon Mashinter.
14:32 of 2nd period - Shot Misses the Net.
14:42 of 2nd period - Jannik Hansen is hit by Josh Bailey and loses puck.
15:17 of 2nd period - Snap shot by Daultan Leveillé.
15:17 of 2nd period - Stopped by Anders Lindback with a rebound.
15:19 of 2nd period - Slapshot by Ray Macias.
15:19 of 2nd period - Stopped by Anders Lindback with a rebound.
15:21 of 2nd period - Snap shot by Daultan Leveillé.
15:21 of 2nd period - Stopped by Anders Lindback with a rebound.
15:23 of 2nd period - Snap shot by Daultan Leveillé.
15:23 of 2nd period - Stopped by Anders Lindback with a rebound.
15:37 of 2nd period - Wrist shot by Jannik Hansen.
15:37 of 2nd period - Shot Misses the Net.
15:39 of 2nd period - Snap shot by Ray Macias.
15:39 of 2nd period - Stopped by Anders Lindback with a rebound.
15:41 of 2nd period - Snap shot by Daultan Leveillé.
15:41 of 2nd period - Stopped by Anders Lindback without a rebound.
15:42 of 2nd period - Kevin Porter wins face-off versus Tom Pyatt in Sasquatch zone.
16:07 of 2nd period - Slapshot by Jeff Finger.
16:07 of 2nd period - Stopped by Anders Lindback without a rebound.
16:08 of 2nd period - Stephane Da Costa wins face-off versus Robin Leblanc in Sasquatch zone.
16:13 of 2nd period - Brandon Mashinter is hit by Kyle Clifford and loses puck.
16:20 of 2nd period - Wrist shot by Stephane Da Costa.
16:20 of 2nd period - Stopped by Devan Dubnyk with a rebound.
16:24 of 2nd period - Snap shot by Kyle Clifford.
16:24 of 2nd period - Shot Misses the Net.
16:30 of 2nd period - Minor Penalty to Samuel Pahlsson for High sticking.
16:31 of 2nd period - Brandon Mashinter wins face-off versus Derek Stepan in Thunder zone.
16:46 of 2nd period - Slapshot by Derek Stepan.
16:46 of 2nd period - Shot Blocked by Doug Janik.
17:02 of 2nd period - Slapshot by Joe Corvo.
17:02 of 2nd period - Stopped by Devan Dubnyk without a rebound.
17:03 of 2nd period - Brandon Mashinter wins face-off versus Kevin Porter in Thunder zone.
18:30 of 2nd period - Penalty to Samuel Pahlsson is over, Samuel Pahlsson is back on ice.
18:48 of 2nd period - Scott Parse is hit by Matt Niskanen and loses puck.
18:53 of 2nd period - Slapshot by Stephane Da Costa.
18:53 of 2nd period - Stopped by Devan Dubnyk without a rebound.
18:54 of 2nd period - Samuel Pahlsson wins face-off versus Luke Adam in Thunder zone.
19:19 of 2nd period - Cam Atkinson is hit by Matt D'Agostini and loses puck.
19:26 of 2nd period - Snap shot by Tom Pyatt.
19:26 of 2nd period - Stopped by Anders Lindback without a rebound.
19:27 of 2nd period - Tom Pyatt wins face-off versus Derek Stepan in Sasquatch zone.
19:28 of 2nd period - Snap shot by Dany Roussin.
19:28 of 2nd period - Deflect By D.J King.
19:28 of 2nd period - Shot Misses the Net.
19:28 of 2nd period - Puck is out of play.
19:29 of 2nd period - Derek Stepan wins face-off versus Tom Pyatt in Sasquatch zone.
19:54 of 2nd period - Scott Parse is hit by Kevin Porter and loses puck.
19:59 of 2nd period - Slapshot by Oskar Osala.
19:59 of 2nd period - Shot Blocked by Samuel Pahlsson.
Goals for this period are 0 for Thunder vs 2 for Sasquatch.
Shots for this period are 14 for Thunder vs 10 for Sasquatch.
3rd period
0:01 of 3rd period - Samuel Pahlsson wins face-off versus Derek Stepan in neutral zone.
0:04 of 3rd period - Slapshot by Doug Janik.
0:04 of 3rd period - Shot Misses the Net.
0:06 of 3rd period - Snap shot by Scott Parse.
0:06 of 3rd period - Stopped by Anders Lindback with a rebound.
0:08 of 3rd period - Slapshot by Scott Parse.
0:08 of 3rd period - Shot Misses the Net.
0:16 of 3rd period - Derek Stepan is hit by Pierre-Alexandre Parenteau and loses puck.
0:36 of 3rd period - Snap shot by Matt D'Agostini.
0:36 of 3rd period - Shot Blocked by Keith Yandle.
0:48 of 3rd period - Slapshot by Robin Leblanc.
0:48 of 3rd period - Stopped by Anders Lindback without a rebound.
0:49 of 3rd period - Stephane Da Costa wins face-off versus Brandon Mashinter in Sasquatch zone.
0:58 of 3rd period - Snap shot by Samuel Pahlsson.
0:58 of 3rd period - Shot Misses the Net.
1:10 of 3rd period - Snap shot by Stephane Da Costa.
1:10 of 3rd period - Shot Misses the Net.
1:12 of 3rd period - Snap shot by Cam Atkinson.
1:12 of 3rd period - Shot Misses the Net.
1:20 of 3rd period - Slapshot by Doug Janik.
1:20 of 3rd period - Shot Blocked by Nick Leddy.
1:22 of 3rd period - Snap shot by Brandon Mashinter.
1:22 of 3rd period - Stopped by Anders Lindback with a rebound.
1:40 of 3rd period - Wrist shot by Stephane Da Costa.
1:40 of 3rd period - Shot Blocked by Doug Janik.
1:54 of 3rd period - Wrist shot by Samuel Pahlsson.
1:54 of 3rd period - Stopped by Anders Lindback without a rebound.
1:55 of 3rd period - Derek Stepan wins face-off versus Tom Pyatt in Sasquatch zone.
2:04 of 3rd period - Derek Peltier is hit by Jakub Voracek.
2:14 of 3rd period - Jake Gardiner is hit by Tom Pyatt and loses puck.
2:52 of 3rd period - Slapshot by Keith Yandle.
2:52 of 3rd period - Shot Misses the Net.
3:10 of 3rd period - Slapshot by D.J King.
3:10 of 3rd period - Deflect By Derek Stepan.
3:10 of 3rd period - Stopped by Devan Dubnyk with a rebound.
4:10 of 3rd period - Tim Gleason is hit by Joe Corvo and loses puck.
4:53 of 3rd period - Derek Peltier is hit by Keith Yandle and loses puck.
5:17 of 3rd period - Robin Leblanc is hit by Jake Gardiner and loses puck.
6:36 of 3rd period - Slapshot by Joe Corvo.
6:36 of 3rd period - Shot Misses the Net.
6:38 of 3rd period - Backhand shot by Stephane Da Costa.
6:38 of 3rd period - Shot Misses the Net.
6:40 of 3rd period - Wrist shot by Nick Leddy.
6:40 of 3rd period - Shot Blocked by Joey Ryan.
7:05 of 3rd period - Wrist shot by Matt Niskanen.
7:05 of 3rd period - Stopped by Devan Dubnyk with a rebound.
7:07 of 3rd period - Wrist shot by Luke Adam.
7:07 of 3rd period - Stopped by Devan Dubnyk with a rebound.
7:09 of 3rd period - Slapshot by Matt Niskanen.
7:09 of 3rd period - Stopped by Devan Dubnyk with a rebound.
7:11 of 3rd period - Slapshot by Yann Sauvé.
7:11 of 3rd period - Shot Blocked by Jannik Hansen.
7:13 of 3rd period - Snap shot by Matt Frattin.
7:13 of 3rd period - Stopped by Devan Dubnyk with a rebound.
7:15 of 3rd period - Wrist shot by Luke Adam.
7:15 of 3rd period - Deflect By Matt Frattin.
7:15 of 3rd period - Shot Misses the Net.
7:15 of 3rd period - Puck is out of play.
7:16 of 3rd period - Derek Stepan wins face-off versus Brandon Mashinter in Thunder zone.
7:25 of 3rd period - Slapshot by Jakub Voracek.
7:25 of 3rd period - Deflect By D.J King.
7:25 of 3rd period - Shot Blocked by Jeff Finger.
7:25 of 3rd period - Puck is out of play.
7:26 of 3rd period - Derek Stepan wins face-off versus Brandon Mashinter in Thunder zone.
7:53 of 3rd period - Matt D'Agostini is hit by Oskar Osala and loses puck.
8:06 of 3rd period - Wrist shot by Josh Bailey.
8:06 of 3rd period - Stopped by Devan Dubnyk with a rebound.
8:35 of 3rd period - Off-side.
8:36 of 3rd period - Samuel Pahlsson wins face-off versus Derek Stepan in neutral zone.
8:43 of 3rd period - Snap shot by Pierre-Alexandre Parenteau.
8:43 of 3rd period - Stopped by Anders Lindback without a rebound.
8:44 of 3rd period - Derek Stepan wins face-off versus Samuel Pahlsson in Sasquatch zone.
8:44 of 3rd period - Derek Stepan is hit by Pierre-Alexandre Parenteau.
8:51 of 3rd period - Off-side.
8:52 of 3rd period - D.J King wins face-off versus Samuel Pahlsson in neutral zone.
9:07 of 3rd period - Tim Gleason is hit by Jake Gardiner and loses puck.
9:41 of 3rd period - Wrist shot by Cam Atkinson.
9:41 of 3rd period - Deflect By Kyle Clifford.
9:41 of 3rd period - Shot Misses the Net.
9:41 of 3rd period - Puck is out of play.
9:42 of 3rd period - Stephane Da Costa wins face-off versus Daultan Leveillé in Thunder zone.
9:47 of 3rd period - Wrist shot by Stephane Da Costa.
9:47 of 3rd period - Deflect By Cam Atkinson.
9:47 of 3rd period - Shot Misses the Net.
9:47 of 3rd period - Puck is out of play.
9:48 of 3rd period - D.J King wins face-off versus Daultan Leveillé in Thunder zone.
9:49 of 3rd period - Snap shot by Derek Stepan.
9:49 of 3rd period - Deflect By D.J King.
9:49 of 3rd period - Stopped by Devan Dubnyk without a rebound.
9:50 of 3rd period - Derek Stepan wins face-off versus Daultan Leveillé in Thunder zone.
9:51 of 3rd period - Snap shot by Jakub Voracek.
9:51 of 3rd period - Stopped by Devan Dubnyk without a rebound.
9:52 of 3rd period - Derek Stepan wins face-off versus Daultan Leveillé in Thunder zone.
9:57 of 3rd period - Wrist shot by Jakub Voracek.
9:57 of 3rd period - Stopped by Devan Dubnyk with a rebound.
9:59 of 3rd period - Snap shot by Derek Stepan.
9:59 of 3rd period - Goal by Derek Stepan - Thunder : 1 - Sasquatch : 5.
10:00 of 3rd period - Derek Stepan wins face-off versus Pierre-Alexandre Parenteau in neutral zone.
10:04 of 3rd period - Minor Penalty to Samuel Pahlsson for Roughing.
10:05 of 3rd period - Brandon Mashinter wins face-off versus Derek Stepan in Thunder zone.
11:08 of 3rd period - Slapshot by Jeff Finger.
11:08 of 3rd period - Shot Blocked by Kevin Porter.
11:08 of 3rd period - Kevin Porter from Sasquatch is injured at 11:08 of 3rd period (Strained Left Elbow).
11:09 of 3rd period - Derek Stepan wins face-off versus Brandon Mashinter in Sasquatch zone.
11:18 of 3rd period - Snap shot by D.J King.
11:18 of 3rd period - Shot Misses the Net.
11:34 of 3rd period - Doug Janik is hit by Joe Corvo.
11:40 of 3rd period - Doug Janik is hit by D.J King and loses puck.
11:59 of 3rd period - Wrist shot by D.J King.
11:59 of 3rd period - Goal by D.J King - Thunder : 1 - Sasquatch : 6.
12:00 of 3rd period - Stephane Da Costa wins face-off versus Samuel Pahlsson in neutral zone.
12:09 of 3rd period - Wrist shot by Brandon Bochenski.
12:09 of 3rd period - Deflect By Scott Parse.
12:09 of 3rd period - Shot Misses the Net.
12:09 of 3rd period - Puck is out of play.
12:10 of 3rd period - Stephane Da Costa wins face-off versus Samuel Pahlsson in Thunder zone.
12:33 of 3rd period - Wrist shot by Brandon Bochenski.
12:33 of 3rd period - Shot Misses the Net.
12:37 of 3rd period - Snap shot by Brandon Bochenski.
12:37 of 3rd period - Deflect By Stephane Da Costa.
12:37 of 3rd period - Shot Misses the Net.
12:37 of 3rd period - Puck is out of play.
12:38 of 3rd period - Tom Pyatt wins face-off versus Derek Stepan in Thunder zone.
13:43 of 3rd period - Wrist shot by Samuel Pahlsson.
13:43 of 3rd period - Shot Misses the Net.
13:45 of 3rd period - Snap shot by Derek Peltier.
13:45 of 3rd period - Stopped by Anders Lindback without a rebound.
13:46 of 3rd period - Tom Pyatt wins face-off versus Derek Stepan in Sasquatch zone.
14:11 of 3rd period - Oskar Osala is hit by Daultan Leveillé and loses puck.
14:38 of 3rd period - Scott Parse is hit by Jake Gardiner and loses puck.
14:39 of 3rd period - Scott Parse from Thunder is injured at 14:39 of 3rd period (Sprained Right Knee).
14:40 of 3rd period - Samuel Pahlsson wins face-off versus Derek Stepan in Thunder zone.
14:40 of 3rd period - Samuel Pahlsson is hit by Jake Gardiner.
14:54 of 3rd period - Slapshot by Keith Yandle.
14:54 of 3rd period - Stopped by Devan Dubnyk with a rebound.
14:56 of 3rd period - Slapshot by D.J King.
14:56 of 3rd period - Shot Misses the Net.
15:06 of 3rd period - Jake Gardiner is hit by Dany Roussin and loses puck.
15:13 of 3rd period - Snap shot by Tom Pyatt.
15:13 of 3rd period - Goal by Tom Pyatt - Thunder : 2 - Sasquatch : 6.
15:14 of 3rd period - Derek Stepan wins face-off versus Samuel Pahlsson in neutral zone.
15:23 of 3rd period - Icing by Samuel Pahlsson.
15:24 of 3rd period - Samuel Pahlsson wins face-off versus Derek Stepan in Thunder zone.
15:37 of 3rd period - Wrist shot by Doug Janik.
15:37 of 3rd period - Deflect By Pierre-Alexandre Parenteau.
15:37 of 3rd period - Shot Hit the Post.
15:37 of 3rd period - Puck is out of play.
15:38 of 3rd period - Derek Stepan wins face-off versus Pierre-Alexandre Parenteau in Sasquatch zone.
15:47 of 3rd period - Backhand shot by Samuel Pahlsson.
15:47 of 3rd period - Shot Misses the Net.
15:49 of 3rd period - Slapshot by Doug Janik.
15:49 of 3rd period - Shot Misses the Net.
15:51 of 3rd period - Snap shot by Samuel Pahlsson.
15:51 of 3rd period - Stopped by Anders Lindback without a rebound.
15:52 of 3rd period - Derek Stepan wins face-off versus Samuel Pahlsson in Sasquatch zone.
15:57 of 3rd period - Slapshot by Jake Gardiner.
15:57 of 3rd period - Stopped by Devan Dubnyk with a rebound.
16:07 of 3rd period - Snap shot by Pierre-Alexandre Parenteau.
16:07 of 3rd period - Shot Misses the Net.
16:58 of 3rd period - Slapshot by Doug Janik.
16:58 of 3rd period - Stopped by Anders Lindback without a rebound.
16:59 of 3rd period - Derek Stepan wins face-off versus Samuel Pahlsson in Sasquatch zone.
16:59 of 3rd period - Derek Stepan is hit by Brandon Mashinter.
18:06 of 3rd period - Wrist shot by Samuel Pahlsson.
18:06 of 3rd period - Stopped by Anders Lindback with a rebound.
18:10 of 3rd period - Wrist shot by Samuel Pahlsson.
18:10 of 3rd period - Shot Misses the Net.
18:22 of 3rd period - Snap shot by Pierre-Alexandre Parenteau.
18:22 of 3rd period - Goal by Pierre-Alexandre Parenteau - Thunder : 3 - Sasquatch : 6.
18:23 of 3rd period - Derek Stepan wins face-off versus Tom Pyatt in neutral zone.
18:42 of 3rd period - Tom Pyatt is hit by D.J King and loses puck.
18:57 of 3rd period - Oskar Osala is hit by Jannik Hansen and loses puck.
19:06 of 3rd period - Snap shot by Jannik Hansen.
19:06 of 3rd period - Deflect By Robin Leblanc.
19:06 of 3rd period - Shot Misses the Net.
19:06 of 3rd period - Puck is out of play.
19:07 of 3rd period - Daultan Leveillé wins face-off versus Luke Adam in Sasquatch zone.
Goals for this period are 2 for Thunder vs 2 for Sasquatch.
Shots for this period are 11 for Thunder vs 13 for Sasquatch.
Output by the SimonT Hockey Simulator (STHS) for François Prévost -- Original Page W3C XHTML 1.0 Valid